PINL
BILLINGS MUSTANGS @ CALDWELL CLAWS
08/24/1982
 
TOP OF THE 1ST
Billings Mustangs batting - Pitching for Caldwell Claws : LHP Victor Gonzales
Pitching: LHP Victor Gonzales
Batting: SHB Terrence Derby 0-0: Foul Ball, location: 2F
0-1: Ball
1-1: Ball
2-1: Ball
3-1: Base on Balls
Batting: RHB Bob Berry 0-0: Ball
Terrence Derby steals 2nd, throwing error, E2
Terrence Derby to third
1-0: Called Strike
1-1: Foul Ball, location: 2F
1-2: 2-RUN HOME RUN (Flyball, 7D, EV 94.4 MPH), Distance : 392 ft
Batting: LHB Dave Verkuilen 0-0: Ball
1-0: Foul Ball, location: 2F
1-1: Ball
2-1: Foul Ball, location: 2F
2-2: Strikes out swinging
Batting: RHB Timothy Smith 0-0: Called Strike
0-1: Ball
1-1: Swinging Strike
1-2: Ball
2-2: Ball
3-2: SINGLE (Groundball, 6MS, EV 66.3 MPH) (infield hit)
Batting: RHB Randy Day 0-0: Foul Ball, location: 2F
0-1: Fly out, F9 (Flyball, 9LM, EV 81.9 MPH)
Batting: RHB Glenn Edwards 0-0: Ball
1-0: Ball
2-0: Called Strike
2-1: Ball
3-1: Base on Balls
Timothy Smith to second
Batting: RHB Thomas Bocock 0-0: Ball
1-0: Ball
2-0: Ball
3-0: Base on Balls
Timothy Smith to third
Glenn Edwards to second
Batting: RHB Leonidas Nolasco 0-0: Called Strike
0-1: Called Strike
0-2: Ball
1-2: Fly out, F7 (Flyball, 7, EV 76.9 MPH)
Top of the 1st over - 2 runs, 2 hits, 1 error, 3 left on base; Billings 2 - Caldwell 0
BOTTOM OF THE 1ST
Caldwell Claws batting - Pitching for Billings Mustangs : RHP Bill Wegman
Pitching: RHP Bill Wegman
Batting: RHB Kim Christensen 0-0: Ball
1-0: Called Strike
1-1: Foul Ball, location: 2F
1-2: Ball
2-2: SOLO HOME RUN (Flyball, 7D, EV 110.6 MPH), Distance : 371 ft
Batting: RHB David Morales 0-0: Ball
1-0: Called Strike
1-1: Swinging Strike
1-2: Fly out, F8 (Flyball, 8RD, EV 77.5 MPH)
Batting: LHB Miguel Negron 0-0: Ball
1-0: Ball
2-0: Ball
3-0: Base on Balls
Batting: LHB Dave Smith 0-0: Ball
1-0: Ball
2-0: Called Strike
2-1: Ball
3-1: Grounds into double play, 4-6-3 (Groundball, 4, EV 80.0 MPH)
Bottom of the 1st over - 1 run, 1 hit, 0 errors, 0 left on base; Billings 2 - Caldwell 1
TOP OF THE 2ND
Billings Mustangs batting - Pitching for Caldwell Claws : LHP Victor Gonzales
Batting: RHB Brian Milner 0-0: Called Strike
0-1: Ball
1-1: Ball
2-1: Ball
3-1: DOUBLE (Flyball, 8LD, EV 86.9 MPH)
Batting: SHB Terrence Derby 0-0: Called Strike
0-1: Called Strike
0-2: Foul Ball, location: 2F
0-2: Ball
1-2: Foul Ball, location: 2F
1-2: Fly out, F8 (Flyball, 78XD, EV 81.9 MPH)
Runner from 2nd tags up, SAFE at 3rd, no throw by CF
Batting: RHB Bob Berry 0-0: Foul Ball, location: 2F
0-1: Ball
1-1: Ground out 4-3 (Groundball, 4, EV 81.3 MPH)
Brian Milner scores
Batting: LHB Dave Verkuilen 0-0: Ball
1-0: Ball
2-0: Foul Ball, location: 2F
2-1: Ball
3-1: Swinging Strike
3-2: Reached on error, E4 (Groundball, 34D, EV 105.0 MPH)
Batting: RHB Timothy Smith 0-0: Ball
1-0: Ball
2-0: Foul Ball, location: 2F
2-1: Foul Ball, location: 2F
2-2: Fly out, F7 (Flyball, 78M, EV 86.3 MPH)
Top of the 2nd over - 1 run, 1 hit, 1 error, 1 left on base; Billings 3 - Caldwell 1
BOTTOM OF THE 2ND
Caldwell Claws batting - Pitching for Billings Mustangs : RHP Bill Wegman
Batting: LHB Gregory Robles 0-0: Ball
1-0: Ball
2-0: Ground out 4-3 (Groundball, 34, EV 92.5 MPH)
Batting: LHB Joseph Wesley 0-0: Ball
1-0: Ball
2-0: Called Strike
2-1: Foul Ball, location: 2F
2-2: Foul Ball, location: 2F
2-2: Ball
3-2: Fly out, F8 (Flyball, 8RM, EV 88.8 MPH)
Batting: LHB Willie Vigil 0-0: DOUBLE (Line Drive, 78XD, EV 106.9 MPH)
Batting: LHB Roberto Guillen 0-0: Called Strike
0-1: Ball
1-1: Ball
2-1: Ball
3-1: Foul Ball, location: 2F
3-2: Foul Ball, location: 2F
3-2: SINGLE (Groundball, 3D, EV 98.8 MPH)
Willie Vigil to third
Willie Vigil scores
Batting: RHB Johnny Lopez 0-0: Ball
1-0: Called Strike
1-1: Fly out, F9 (Line Drive, 9, EV 95.6 MPH)
Bottom of the 2nd over - 1 run, 2 hits, 0 errors, 1 left on base; Billings 3 - Caldwell 2
TOP OF THE 3RD
Billings Mustangs batting - Pitching for Caldwell Claws : LHP Victor Gonzales
Batting: RHB Randy Day 0-0: Ball
1-0: Ground out 5-3 (Groundball, 56, EV 84.4 MPH)
Batting: RHB Glenn Edwards 0-0: Called Strike
0-1: Ball
1-1: Foul Ball, location: 2F
1-2: Ground out 5-3 (Groundball, 56S, EV 70.6 MPH)
Batting: RHB Thomas Bocock 0-0: Ball
1-0: Ball
2-0: Ground out 4-3 (Groundball, 4, EV 81.9 MPH)
Top of the 3rd over - 0 runs, 0 hits, 0 errors, 0 left on base; Billings 3 - Caldwell 2
BOTTOM OF THE 3RD
Caldwell Claws batting - Pitching for Billings Mustangs : RHP Bill Wegman
Batting: RHB Kim Christensen 0-0: Fly out, F7 (Flyball, 78D, EV 81.3 MPH)
Batting: RHB David Morales 0-0: Ball
1-0: Ball
2-0: Fly out, F8 (Flyball, 8RS, EV 89.4 MPH)
Batting: LHB Miguel Negron 0-0: Foul Ball, location: 2F
0-1: Called Strike
0-2: SINGLE (Line Drive, 7LS, EV 108.8 MPH)
Batting: LHB Dave Smith 0-0: Called Strike
0-1: Ball
Miguel Negron is caught stealing 2nd base 2-6
Bottom of the 3rd over - 0 runs, 1 hit, 0 errors, 0 left on base; Billings 3 - Caldwell 2
TOP OF THE 4TH
Billings Mustangs batting - Pitching for Caldwell Claws : LHP Victor Gonzales
Batting: RHB Leonidas Nolasco 0-0: Called Strike
0-1: Fly out, F9 (Flyball, 89M, EV 92.5 MPH)
Batting: RHB Brian Milner 0-0: Ball
1-0: Ball
2-0: Ground out 6-3 (Groundball, 6S, EV 63.8 MPH)
Batting: SHB Terrence Derby 0-0: Ball
1-0: Ball
2-0: Foul Ball, location: 2F
2-1: Fly out, F8 (Line Drive, 8RD, EV 94.4 MPH)
Top of the 4th over - 0 runs, 0 hits, 0 errors, 0 left on base; Billings 3 - Caldwell 2
BOTTOM OF THE 4TH
Caldwell Claws batting - Pitching for Billings Mustangs : RHP Bill Wegman
Batting: LHB Dave Smith 0-0: Ball
1-0: Ball
2-0: Called Strike
2-1: Foul Ball, location: 2F
2-2: Foul Ball, location: 2F
2-2: Foul Ball, location: 2F
2-2: Strikes out looking
Batting: LHB Gregory Robles 0-0: Ball
1-0: Called Strike
1-1: SOLO HOME RUN (Flyball, 9D, EV 87.5 MPH), Distance : 387 ft
Batting: LHB Joseph Wesley 0-0: Called Strike
0-1: Ball
1-1: Ball
2-1: Called Strike
2-2: Ball
3-2: Base on Balls
Batting: LHB Willie Vigil 0-0: Swinging Strike
0-1: Hit by Pitch
Joseph Wesley to second
Batting: LHB Roberto Guillen 0-0: Called Strike
0-1: Ball
1-1: DOUBLE (Groundball, 5L, EV 96.3 MPH)
Joseph Wesley scores
Willie Vigil to third
Batting: RHB Johnny Lopez 0-0: Fly out, F7 (Flyball, 78S, EV 80.0 MPH)
Batting: RHB Kim Christensen 0-0: Ball
Wild Pitch!
Willie Vigil scores
Roberto Guillen to third
1-0: Ball
2-0: Called Strike
2-1: Called Strike
2-2: Ball
3-2: Fly out, F8 (Line Drive, 8RD, EV 90.6 MPH)
Bottom of the 4th over - 3 runs, 2 hits, 0 errors, 1 left on base; Billings 3 - Caldwell 5
TOP OF THE 5TH
Billings Mustangs batting - Pitching for Caldwell Claws : LHP Victor Gonzales
Batting: RHB Bob Berry 0-0: Foul Ball, location: 2F
0-1: Ground out 6-3 (Groundball, 6M, EV 89.4 MPH)
Batting: LHB Dave Verkuilen 0-0: Foul Ball, location: 2F
0-1: Fly out, F8 (Flyball, 78D, EV 90.0 MPH)
Batting: RHB Timothy Smith 0-0: Ball
1-0: Called Strike
1-1: Ball
2-1: Swinging Strike
2-2: Ball
3-2: Base on Balls
Batting: RHB Randy Day 0-0: Called Strike
0-1: Called Strike
0-2: Strikes out swinging
Top of the 5th over - 0 runs, 0 hits, 0 errors, 1 left on base; Billings 3 - Caldwell 5
BOTTOM OF THE 5TH
Caldwell Claws batting - Pitching for Billings Mustangs : RHP Bill Wegman
Batting: RHB David Morales 0-0: Ground out 2-3 (Groundball, 15S, EV 71.9 MPH)
Batting: LHB Miguel Negron 0-0: Called Strike
0-1: Ball
1-1: Ball
2-1: Swinging Strike
2-2: Foul Ball, location: 2F
2-2: Foul Ball, location: 2F
2-2: Ball
3-2: Fly out, F8 (Line Drive, 8RM, EV 96.3 MPH)
Batting: LHB Dave Smith 0-0: Ball
1-0: Ball
2-0: Called Strike
2-1: Ball
3-1: Foul Ball, location: 2F
3-2: Foul Ball, location: 2F
3-2: Foul Ball, location: 2F
3-2: Foul Ball, location: 2F
3-2: Fly out, F9 (Flyball, 9LD, EV 96.9 MPH)
Bottom of the 5th over - 0 runs, 0 hits, 0 errors, 0 left on base; Billings 3 - Caldwell 5
TOP OF THE 6TH
Billings Mustangs batting - Pitching for Caldwell Claws : LHP Victor Gonzales
Batting: RHB Glenn Edwards 0-0: Called Strike
0-1: Foul Ball, location: 2F
0-2: Ball
1-2: Ball
2-2: Fly out, F3 (Line Drive, 3, EV 73.1 MPH)
Batting: RHB Thomas Bocock 0-0: Swinging Strike
0-1: Foul Ball, location: 2F
0-2: Strikes out swinging
Batting: RHB Leonidas Nolasco 0-0: Ball
1-0: Ball
2-0: Ground out 6-3 (Groundball, 6M, EV 88.1 MPH)
Top of the 6th over - 0 runs, 0 hits, 0 errors, 0 left on base; Billings 3 - Caldwell 5
BOTTOM OF THE 6TH
Caldwell Claws batting - Pitching for Billings Mustangs : RHP Bill Wegman
Batting: LHB Gregory Robles 0-0: Called Strike
0-1: Ball
1-1: Ball
2-1: Ground out 6-3 (Groundball, 6M, EV 87.5 MPH)
Batting: LHB Joseph Wesley 0-0: Swinging Strike
0-1: Ball
1-1: Ground out 5-3 (Groundball, 56, EV 106.3 MPH)
Batting: LHB Willie Vigil 0-0: Foul Ball, location: 2F
0-1: SINGLE (Line Drive, 9S, EV 90.6 MPH)
Batting: LHB Roberto Guillen 0-0: Ball
1-0: Ball
Willie Vigil steals 2nd base
2-0: Ball
3-0: Called Strike
3-1: Foul Ball, location: 2F
3-2: Foul Ball, location: 2F
3-2: Strikes out swinging
Bottom of the 6th over - 0 runs, 1 hit, 0 errors, 1 left on base; Billings 3 - Caldwell 5
TOP OF THE 7TH
Billings Mustangs batting - Pitching for Caldwell Claws : LHP Victor Gonzales
Batting: RHB Brian Milner 0-0: Called Strike
0-1: Swinging Strike
0-2: Ball
1-2: Ball
2-2: Ball
3-2: Strikes out looking
Batting: SHB Terrence Derby 0-0: Called Strike
0-1: Called Strike
0-2: Fly out, F8 (Flyball, 89S, EV 89.4 MPH)
Batting: RHB Bob Berry 0-0: Ball
1-0: Called Strike
1-1: Called Strike
1-2: Ground out 5-3 (Groundball, 56S, EV 82.5 MPH)
Top of the 7th over - 0 runs, 0 hits, 0 errors, 0 left on base; Billings 3 - Caldwell 5
BOTTOM OF THE 7TH
Caldwell Claws batting - Pitching for Billings Mustangs : RHP Bill Wegman
Batting: RHB Johnny Lopez 0-0: Called Strike
0-1: Foul Ball, location: 2F
0-2: Foul Ball, location: 2F
0-2: Foul Ball, location: 2F
0-2: Ball
1-2: Ball
2-2: Strikes out swinging
Batting: RHB Kim Christensen 0-0: Called Strike
0-1: Ball
1-1: Ground out U3 (Groundball, 3S, EV 89.4 MPH)
Batting: RHB David Morales 0-0: Ball
1-0: Ball
2-0: Called Strike
2-1: Fly out, F3 (Popup, 34, EV 76.9 MPH)
Bottom of the 7th over - 0 runs, 0 hits, 0 errors, 0 left on base; Billings 3 - Caldwell 5
TOP OF THE 8TH
Billings Mustangs batting - Pitching for Caldwell Claws : LHP Victor Gonzales
Batting: LHB Dave Verkuilen 0-0: Ball
1-0: Ball
2-0: Foul Ball, location: 2F
2-1: Foul Ball, location: 2F
2-2: Fly out, F2 (Popup, 23F, EV 87.5 MPH)
Batting: RHB Timothy Smith 0-0: Swinging Strike
0-1: Called Strike
0-2: Ball
1-2: TRIPLE (Line Drive, 78XD, EV 110.0 MPH)
Batting: RHB Randy Day 0-0: Ball
1-0: Ball
2-0: Ball
3-0: Called Strike
3-1: Foul Ball, location: 2F
3-2: Base on Balls
Batting: RHB Glenn Edwards 0-0: Called Strike
0-1: Ball
1-1: Foul Ball, location: 2F
1-2: 3-RUN HOME RUN (Flyball, 7LD, EV 99.4 MPH), Distance : 369 ft
Pitching: RHP Enrique Guerra
Batting: RHB Thomas Bocock 0-0: Called Strike
0-1: Ball
1-1: Ball
2-1: Foul Ball, location: 2F
2-2: Foul Ball, location: 2F
2-2: Ball
3-2: Foul Ball, location: 2F
3-2: Fly out, F7 (Flyball, 7D, EV 103.1 MPH)
Batting: RHB Leonidas Nolasco 0-0: Ball
1-0: Swinging Strike
1-1: Ball
2-1: Foul Ball, location: 2F
2-2: Ball
3-2: SINGLE (Groundball, 56S, EV 68.8 MPH) (infield hit)
Batting: RHB Brian Milner 0-0: Ball
1-0: Ball
2-0: Fielders Choice at 2nd, U6 (Groundball, 6M, EV 102.5 MPH)
Top of the 8th over - 3 runs, 3 hits, 0 errors, 1 left on base; Billings 6 - Caldwell 5
BOTTOM OF THE 8TH
Caldwell Claws batting - Pitching for Billings Mustangs : RHP Bill Wegman
Batting: LHB Miguel Negron 0-0: Swinging Strike
0-1: Swinging Strike
0-2: Strikes out swinging
Batting: LHB Dave Smith 0-0: Foul Ball, location: 2F
0-1: Called Strike
0-2: Fly out, F5 (Popup, 5F, EV 81.9 MPH)
Batting: LHB Gregory Robles 0-0: Called Strike
0-1: Ball
1-1: Ground out 4-3 (Groundball, 4, EV 80.0 MPH)
Bottom of the 8th over - 0 runs, 0 hits, 0 errors, 0 left on base; Billings 6 - Caldwell 5
TOP OF THE 9TH
Billings Mustangs batting - Pitching for Caldwell Claws : RHP Enrique Guerra
Batting: SHB Terrence Derby 0-0: Called Strike
0-1: Ball
1-1: Called Strike
1-2: SOLO HOME RUN (Flyball, 9D, EV 100.0 MPH), Distance : 367 ft
Batting: RHB Bob Berry 0-0: Called Strike
0-1: Ball
1-1: Ball
2-1: Swinging Strike
2-2: Fly out, F5 (Popup, 5SF, EV 76.3 MPH)
Batting: LHB Dave Verkuilen 0-0: Called Strike
0-1: Ball
1-1: Ball
2-1: SINGLE (Line Drive, 7LS, EV 97.5 MPH)
Batting: RHB Timothy Smith 0-0: Ball
1-0: Foul Ball, location: 2F
1-1: Ball
2-1: Called Strike
2-2: Foul Ball, location: 2F
2-2: Foul Ball, location: 2F
2-2: Strikes out swinging
Pitching: RHP Mario Maldonado
Batting: RHB Randy Day 0-0: Called Strike
0-1: 2-RUN HOME RUN (Flyball, 7D, EV 103.1 MPH), Distance : 379 ft
Batting: RHB Glenn Edwards 0-0: Ball
1-0: Called Strike
1-1: Foul Ball, location: 2F
1-2: SINGLE (Flyball, 3D, EV 90.6 MPH)
Pitching: LHP Rafael Sepulveda
Batting: RHB Thomas Bocock 0-0: Called Strike
0-1: Called Strike
0-2: Foul Ball, location: 2F
0-2: Ball
1-2: Ball
2-2: Foul Ball, location: 2F
2-2: Ball
3-2: Ground out 6-3 (Groundball, 6, EV 87.5 MPH)
Top of the 9th over - 3 runs, 4 hits, 0 errors, 1 left on base; Billings 9 - Caldwell 5
BOTTOM OF THE 9TH
Caldwell Claws batting - Pitching for Billings Mustangs : RHP Bill Wegman
Batting: LHB Joseph Wesley 0-0: Fly out, F8 (Line Drive, 8LM, EV 99.4 MPH)
Batting: LHB Willie Vigil 0-0: Fly out, F7 (Flyball, 7D, EV 97.5 MPH)
Batting: LHB Roberto Guillen 0-0: Called Strike
0-1: Swinging Strike
0-2: Ball
1-2: Ground out U3 (Groundball, 13, EV 78.8 MPH)
Bottom of the 9th over - 0 runs, 0 hits, 0 errors, 0 left on base; Billings 9 - Caldwell 5
Wednesday, August 26th, 2020 - OOTP Baseball 21.5 Build 76